[Event "Titled Tuesday Blitz April 4 Early 2023"]
[White "Zhigalko, Sergei"]
[Black "Srinath, Rao S.V."]
[WhiteFideId "13502956"]
[BlackFideId "5028876"]
[WhiteElo "2626"]
[BlackElo "2196"]
[Result "1-0"]
[Round "04"]
[TimeControl "180+2"]
[Date "2023.04.04"]
[WhiteClock "0:00:36"]
[BlackClock "0:00:16"]

1. e4 e6 2. d4 d5 3. e5 c5 4. c3 Nc6 5. Nf3 Bd7 6. Be2 Nge7 7. Na3 cxd4 8. cxd4 Nf5 9. Nc2 Qb6 10. O-O a5 11. h4 a4 12. h5 h6 13. Rb1 Nb4 14. Nxb4 Bxb4 15. g4 Ne7 16. a3 Bxa3 17. Bxh6 gxh6 18. bxa3 Qc7 19. Qd2 Nc6 20. Rfc1 Rb8 21. Bb5 Rg8 22. Nh2 Qa5 23. Qf4 Nd8 24. Bxd7+ Kxd7 25. Qxh6 Nc6 26. Qf4 Rbf8 27. Rxb7+ Kc8 28. Rxf7 1-0


[Site "https://www.chess.com"]

[Event "Titled Tuesday Blitz April 4 Early 2023"]
[White "Gharibyan, Mamikon"]
[Black "Hirneise, Jens"]
[WhiteFideId "13308300"]
[BlackFideId "24614734"]
[WhiteElo "2445"]
[BlackElo "2345"]
[Result "1-0"]
[Round "04"]
[TimeControl "180+2"]
[Date "2023.04.04"]
[WhiteClock "0:01:01"]
[BlackClock "0:00:35"]

1. d4 Nf6 2. c4 b6 3. Nc3 Bb7 4. d5 e6 5. a3 exd5 6. cxd5 Be7 7. Bf4 d6 8. Nf3 O-O 9. h3 Nbd7 10. e3 Re8 11. Be2 Nf8 12. O-O Ng6 13. Bh2 a6 14. Rc1 Bf8 15. Qb3 Qd7 16. Rc2 Rec8 17. Rfc1 Ne7 18. e4 Ng6 19. Bf1 Be7 20. Nd4 Bd8 21. Re1 Rcb8 22. Rcc1 h5 23. Qd1 b5 24. Be2 h4 25. Nf5 Nxe4 26. Bg4 Nxc3 27. Rxc3 Kf8 28. Nxg7 f5 29. Ne6+ Kg8 30. Bxf5 Qh7 31. Qg4 Kf7 32. Rf3 Bxd5 33. Bxg6+ 1-0


[Site "https://www.chess.com"]

[Event "Titled Tuesday Blitz April 4 Early 2023"]
[White "Maksimovic, Bojan"]
[Black "Chernomordik, Pavel"]
[WhiteFideId "14408120"]
[BlackFideId "2804530"]
[WhiteElo "2468"]
[BlackElo "2193"]
[Result "1-0"]
[Round "04"]
[TimeControl "180+2"]
[Date "2023.04.04"]
[WhiteClock "0:00:45"]
[BlackClock "0:00:26"]

1. Nf3 g6 2. g3 Bg7 3. Bg2 e5 4. O-O Nc6 5. d3 d6 6. Nbd2 Be6 7. e4 h6 8. c3 Qd7 9. b4 Bh3 10. a4 Bxg2 11. Kxg2 Nge7 12. Bb2 O-O 13. Qb3 Kh7 14. b5 Nd8 15. d4 f5 16. dxe5 dxe5 17. c4 Ne6 18. Rad1 Nd4 19. Nxd4 exd4 20. e5 c5 21. bxc6 Qxc6+ 22. Kg1 Bxe5 23. Nf3 Bg7 24. Rfe1 Rae8 25. Nxd4 Bxd4 26. Bxd4 Nc8 27. Bb2 Rxe1+ 28. Rxe1 Re8 29. Rd1 Re7 30. Qc3 Qe8 31. a5 g5 32. h3 Kg6 33. Qf6+ Kh5 34. Qxf5 Re1+ 35. Rxe1 Qxe1+ 36. Kg2 Nd6 37. g4+ Kh4 38. Qf3 Qe4 39. Qxe4 Nxe4 40. Be5 Nd2 41. Bg3# 1-0


[Site "https://www.chess.com"]

[Event "Titled Tuesday Blitz April 4 Early 2023"]
[White "Vafin, Ayrat"]
[Black "Hovhannisyan, Robert"]
[WhiteFideId "4146530"]
[BlackFideId "13302507"]
[WhiteElo "2317"]
[BlackElo "2570"]
[Result "0-1"]
[Round "04"]
[TimeControl "180+2"]
[Date "2023.04.04"]
[WhiteClock "0:00:02"]
[BlackClock "0:00:02"]

1. Nf3 d5 2. g3 Bf5 3. Bg2 e6 4. c4 c6 5. O-O Nf6 6. d3 Be7 7. Be3 dxc4 8. dxc4 Qxd1 9. Rxd1 Nbd7 10. Nc3 a5 11. Rac1 Nc5 12. Nd4 Bg6 13. Nxc6 Nfd7 14. Nb5 Rc8 15. Nxe7 Kxe7 16. Rd6 Rhd8 17. Rcd1 Bc2 18. R1d2 Be4 19. Rxd7+ Rxd7 20. Bxc5+ Rxc5 21. Rxd7+ Kxd7 22. Bxe4 Rxc4 23. Bd3 Rc1+ 24. Kg2 f5 25. Nd4 g6 26. a4 e5 27. Nb3 Rd1 28. f3 b6 29. h4 Kd6 30. Kf2 Rh1 31. Nd2 Kc5 32. b3 f4 33. gxf4 exf4 34. Ne4+ Kb4 35. Bc4 Rxh4 36. Nf6 Rh1 37. Nd5+ Kc5 38. Nxf4 Ra1 39. e4 Kd4 40. Nd5 Ra2+ 41. Kg3 h5 42. Nxb6 g5 43. Nd5 h4+ 44. Kh3 Ke5 45. Ne3 Kf4 46. Ng4 Kxf3 47. e5 Ra1 48. e6 Re1 49. Nh2+ Kf4 50. Kg2 g4 51. Kf2 Re5 52. Nf1 g3+ 53. Kg1 h3 54. Nxg3 Kxg3 55. Kf1 h2 56. e7 h1=Q# 0-1


[Site "https://www.chess.com"]

[Event "Titled Tuesday Blitz April 4 Early 2023"]
[White "Gurel, Ediz"]
[Black "Ambartsumova, Karina"]
[WhiteFideId "44507356"]
[BlackFideId "4166299"]
[WhiteElo "2352"]
[BlackElo "2240"]
[Result "1-0"]
[Round "04"]
[TimeControl "180+2"]
[Date "2023.04.04"]
[WhiteClock "0:02:45"]
[BlackClock "0:00:08"]

1. e4 e5 2. Nf3 Nc6 3. Bb5 Nf6 4. O-O Nxe4 5. Re1 Nd6 6. Nxe5 Nxe5 7. Rxe5+ Be7 8. Bf1 O-O 9. d4 Ne8 10. Nc3 Bf6 11. Bd3 Bxe5 12. dxe5 d6 13. Qh5 g6 14. Qh6 dxe5 15. Bg5 Qd7 16. Ne4 Qc6 17. Be7 Ng7 18. Nf6+ Kh8 19. Qxh7# 1-0


[Site "https://www.chess.com"]

[Event "Titled Tuesday Blitz April 4 Early 2023"]
[White "Gontcharov, Vladislav"]
[Black "Ibrahimli, Murad"]
[WhiteFideId "4123492"]
[BlackFideId "13410229"]
[WhiteElo "2420"]
[BlackElo "2364"]
[Result "0-1"]
[Round "04"]
[TimeControl "180+2"]
[Date "2023.04.04"]
[WhiteClock "0:00:03"]
[BlackClock "0:01:08"]

1. d4 Nf6 2. c4 c5 3. d5 e6 4. Nc3 exd5 5. cxd5 d6 6. Bf4 a6 7. a4 g6 8. Nf3 Bg7 9. h3 O-O 10. e3 Qe7 11. Nd2 Ne8 12. Be2 Nd7 13. O-O Ne5 14. a5 Nc7 15. Bh2 g5 16. f4 gxf4 17. exf4 Nd7 18. f5 Be5 19. Bxe5 Nxe5 20. Nde4 f6 21. Qe1 Kh8 22. Rf4 Bd7 23. Qh4 Nb5 24. Bxb5 axb5 25. Ne2 b4 26. N2g3 Be8 27. b3 Ra6 28. Kh1 b6 29. Nh5 Bxh5 30. Qxh5 bxa5 31. Rh4 Qg7 32. g3 a4 33. bxa4 b3 34. Nd2 b2 35. Rb1 Rb6 36. Kh2 Rg8 37. g4 Rb4 38. a5 c4 39. Ne4 Nf3+ 40. Kg3 Nxh4 41. Qxh4 c3 42. Nxc3 Rb3 43. Kg2 Rxc3 44. Rxb2 Qe7 0-1


[Site "https://www.chess.com"]

[Event "Titled Tuesday Blitz April 4 Early 2023"]
[White "Vakhlamov, Igor L."]
[Black "Postnikov, Daniil"]
[WhiteFideId "24126748"]
[BlackFideId "4166329"]
[WhiteElo "2400"]
[BlackElo "2261"]
[Result "1-0"]
[Round "04"]
[TimeControl "180+2"]
[Date "2023.04.04"]
[WhiteClock "0:00:18"]
[BlackClock "0:00:07"]

1. e4 e6 2. d4 d5 3. Nc3 Nf6 4. Bd3 c5 5. Nf3 cxd4 6. Nxd4 Nc6 7. Bb5 Bd7 8. exd5 exd5 9. O-O Be7 10. Be2 O-O 11. Bf3 Re8 12. Nxd5 Nxd5 13. Bxd5 Nxd4 14. Qxd4 Bc6 15. c4 Bf6 16. Qd3 Qd7 17. Rd1 Rad8 18. Be3 Bxb2 19. Rab1 Bf6 20. Bxa7 Ra8 21. Bd4 Bxd4 22. Qxd4 Rxa2 23. h4 h6 24. Re1 Rae2 25. Rxe2 Rxe2 26. Rd1 Qf5 27. g3 Qc2 28. Ra1 Rd2 29. Ra8+ Kh7 30. Qf4 Bxd5 31. cxd5 Qd1+ 32. Kh2 Rxd5 33. Qxf7 Rd8 34. Ra7 Qd7 35. Rxb7 Qxf7 36. Rxf7 h5 37. Kg2 Rd3 38. Rf3 Rd2 39. Ra3 g6 40. Kf3 Rb2 41. Ke3 Kg7 42. Ra4 Kf6 43. f3 Rb3+ 44. Kf4 Kg7 45. Ra5 Kh6 46. Ra4 Rb5 47. Re4 Ra5 48. Ke3 Rb5 49. f4 Rb3+ 50. Kf2 Kg7 51. Re3 Rb4 52. Kf3 Ra4 53. Re6 Ra3+ 54. Re3 Ra4 55. Rd3 Rb4 56. Rc3 Ra4 57. Rc5 Ra3+ 58. Kg2 Rb3 59. Rg5 Kh6 60. Kf2 Ra3 61. Kg2 Rb3 62. f5 gxf5 63. Rxf5 Ra3 64. Re5 Rb3 65. Kf2 Ra3 66. Re3 Ra4 67. Kf3 Kg6 68. Re4 Ra1 69. Re6+ Kf5 70. Rh6 Rf1+ 71. Kg2 Ra1 72. Rxh5+ Kg6 73. Rg5+ Kh6 74. Re5 Ra2+ 75. Kf3 Ra3+ 76. Kf4 Ra2 77. g4 Rf2+ 78. Kg3 Rf1 79. Re6+ Kg7 80. g5 Rg1+ 81. Kf4 Rh1 82. Kg4 Rg1+ 83. Kh5 Kh7 84. Re7+ Kg8 85. Kg6 Kf8 86. Rf7+ Kg8 87. Ra7 Kf8 88. h5 1-0


[Site "https://www.chess.com"]

[Event "Titled Tuesday Blitz April 4 Early 2023"]
[White "Adla, Diego"]
[Black "Hayrapetyan, Artavazd R."]
[WhiteFideId "100072"]
[BlackFideId "13304240"]
[WhiteElo "2377"]
[BlackElo "2417"]
[Result "1-0"]
[Round "04"]
[TimeControl "180+2"]
[Date "2023.04.04"]
[WhiteClock "0:00:06"]
[BlackClock "0:00:04"]

1. c4 e6 2. g3 d5 3. Bg2 Nf6 4. Nf3 Be7 5. O-O O-O 6. d4 Nbd7 7. Qc2 c6 8. Rd1 b6 9. b3 Bb7 10. Nc3 Rc8 11. e4 h6 12. Bf4 Bb4 13. e5 Ne8 14. Rac1 Nc7 15. Qe2 Re8 16. h4 Bf8 17. h5 c5 18. dxc5 Nxc5 19. Nd4 a6 20. cxd5 Nxd5 21. Nxd5 Bxd5 22. Bxd5 exd5 23. Qg4 Qd7 24. Qxd7 Nxd7 25. Rxc8 Rxc8 26. Nf5 Nc5 27. Rxd5 Ne6 28. Be3 b5 29. Rd7 Rc2 30. a4 bxa4 31. bxa4 Ra2 32. Nd6 Bxd6 33. exd6 Rxa4 34. Ra7 Ra5 35. d7 Rd5 36. Bb6 Kh7 37. f4 f5 38. Kf2 Rd6 39. Ba5 Rd3 40. g4 fxg4 41. f5 Rf3+ 42. Kg2 Rxf5 43. Rxa6 Rd5 44. Rxe6 Rxd7 45. Re5 Rd3 46. Be1 Rh3 47. Bg3 Kg8 48. Rf5 Kh7 49. Kf2 Kg8 50. Kg2 Kh7 51. Bf2 Kg8 52. Bd4 Rh4 53. Kg3 Rh1 54. Rd5 Rd1 55. Rd7 Rd3+ 56. Kxg4 Rd1 57. Kf5 Rf1+ 58. Kg6 Kf8 59. Rxg7 Ke8 60. Kxh6 Rf4 61. Be5 Rf5 62. Rg5 Rf1 63. Kg6 Kf8 64. h6 Rh1 65. h7 1-0


[Site "https://www.chess.com"]

[Event "Titled Tuesday Blitz April 4 Early 2023"]
[White "Samsonkin, Artiom"]
[Black "Martic, Ivan"]
[WhiteFideId "13503111"]
[BlackFideId "929301"]
[WhiteElo "2524"]
[BlackElo "2360"]
[Result "1-0"]
[Round "04"]
[TimeControl "180+2"]
[Date "2023.04.04"]
[WhiteClock "0:00:08"]
[BlackClock "0:00:05"]

1. d4 d5 2. Nf3 Nc6 3. e3 Bg4 4. c4 e5 5. Be2 Bb4+ 6. Nc3 exd4 7. exd4 dxc4 8. d5 Bxc3+ 9. bxc3 Nce7 10. Qa4+ Qd7 11. Qxc4 Bxf3 12. Bxf3 Nf6 13. O-O O-O 14. Rd1 Nf5 15. Bg5 Nd6 16. Qh4 Qf5 17. Rd4 Rfe8 18. h3 h6 19. Be3 Qe5 20. Re1 Nf5 21. Qf4 Nxd4 22. Qxd4 Qxd4 23. cxd4 Rad8 24. Rb1 b6 25. d6 Rxd6 26. Rc1 Re7 27. Bf4 Rxd4 28. Bxc7 Rd2 29. a4 Nd5 30. Bd6 Re8 31. Bg3 Rd8 32. h4 g6 33. Rc4 h5 34. Kh2 Kf8 35. Rc6 Ne7 36. Rc7 R2d7 37. Rc4 Nf5 38. Bf4 Re7 39. Bg5 Red7 40. Bxd8 Rxd8 41. Rc7 Nxh4 42. Bc6 Rd6 43. Bb5 a5 44. Bc4 Rf6 45. g3 Nf5 46. f4 Nd4 47. Kg2 Nf5 48. Kf3 Ke8 49. Ke4 Nd6+ 50. Ke5 Nxc4+ 51. Kxf6 Nd6 52. Re7+ Kf8 53. Rd7 Ne4+ 54. Ke5 Nc5 55. Rc7 Nxa4 56. Kf6 Ke8 57. Re7+ Kd8 58. Rxf7 b5 59. Kxg6 b4 60. f5 b3 61. Rb7 b2 62. f6 Kc8 63. Rb3 Nc5 64. Rxb2 a4 65. Rc2 Kd7 66. Rxc5 a3 67. Ra5 a2 68. Rxa2 1-0


[Site "https://www.chess.com"]

[Event "Titled Tuesday Blitz April 4 Early 2023"]
[White "Sielecki, Christof"]
[Black "Corrales Jimenez, Fidel"]
[WhiteFideId "4620437"]
[BlackFideId "3506690"]
[WhiteElo "2443"]
[BlackElo "2541"]
[Result "0-1"]
[Round "04"]
[TimeControl "180+2"]
[Date "2023.04.04"]
[WhiteClock "0:00:01"]
[BlackClock "0:00:09"]

1. e4 d5 2. exd5 Qxd5 3. Nc3 Qa5 4. d4 c6 5. Nf3 Nf6 6. Bc4 Bf5 7. Ne5 e6 8. g4 Be4 9. O-O Bd5 10. g5 Bxc4 11. Nxc4 Qa6 12. Qe2 Nd5 13. Ne4 Nd7 14. Re1 N7b6 15. Ncd6+ Bxd6 16. Nxd6+ Ke7 17. Qe5 g6 18. Nxf7 Rhe8 19. Qg7 Kd7 20. Ne5+ Kc8 21. c4 Re7 22. Qf8+ Kc7 23. Qf3 Nxc4 24. Bf4 Nxe5 25. Bxe5+ Kd7 26. Bf6 Ree8 27. Re2 b6 28. Rae1 Rac8 29. Qg4 Kc7 30. Rxe6 Rxe6 31. Qxe6 Kb7 32. Be5 Ka8 33. Rc1 Qb7 34. a3 b5 35. Qd6 a6 0-1


[Site "https://www.chess.com"]

[Event "Titled Tuesday Blitz April 4 Early 2023"]
[White "Moroni, Luca Jr"]
[Black "Souleidis, Georgios"]
[WhiteFideId "865834"]
[BlackFideId "4206827"]
[WhiteElo "2569"]
[BlackElo "2401"]
[Result "1-0"]
[Round "04"]
[TimeControl "180+2"]
[Date "2023.04.04"]
[WhiteClock "0:00:07"]
[BlackClock "0:00:02"]

1. d4 Nf6 2. Bf4 g6 3. Nc3 d5 4. e3 Bg7 5. Nb5 Na6 6. h3 O-O 7. Nf3 c6 8. Nc3 c5 9. Bxa6 bxa6 10. dxc5 Qa5 11. O-O Qxc5 12. Be5 Rd8 13. Qd4 Qb6 14. Na4 Qxd4 15. exd4 Bf5 16. c3 Nd7 17. Bxg7 Kxg7 18. Rfe1 Kf8 19. Ne5 a5 20. Nxd7+ Bxd7 21. Nc5 Rab8 22. b3 a4 23. b4 Bb5 24. a3 e6 25. f4 Re8 26. Kf2 Kg7 27. Re5 h5 28. g3 Rh8 29. Rae1 Rbd8 30. Kf3 Rc8 31. Rh1 Rcd8 32. Ree1 Rde8 33. g4 hxg4+ 34. hxg4 Rd8 35. Kg3 Kf6 36. Rc1 Ke7 37. Rb1 Rdg8 38. Rbe1 Kd6 39. Kf2 Kc7 40. Kg2 Kd6 41. Kg3 Kc7 42. Rxh8 Rxh8 43. f5 gxf5 44. gxf5 Rg8+ 45. Kf4 exf5 46. Re7+ Kd6 47. Rxa7 Rg1 48. Nxa4 Rf1+ 49. Kg3 Rc1 50. Kf4 Rf1+ 51. Kg5 f4 52. Nb6 f3 53. Kf4 f2 54. Kf3 Rc1 55. Kxf2 Rxc3 56. Rxf7 Rxa3 57. Rf6+ Kc7 58. Nxd5+ Kd7 59. Nb6+ Kc7 60. Nd5+ Kd7 61. Rh6 Rd3 62. Rh4 Kd6 63. Nf6 Rb3 64. Ne4+ Kd5 65. Nf6+ Kd6 66. Rh6 Rxb4 67. Ke3 Rb1 68. Ne4+ Kd5 69. Nc3+ 1-0


[Site "https://www.chess.com"]

[Event "Titled Tuesday Blitz April 4 Early 2023"]
[White "Kovalev, Vladislav"]
[Black "Hnydiuk, Aleksander"]
[WhiteFideId "13504398"]
[BlackFideId "1109057"]
[WhiteElo "2555"]
[BlackElo "2374"]
[Result "1-0"]
[Round "04"]
[TimeControl "180+2"]
[Date "2023.04.04"]
[WhiteClock "0:00:20"]
[BlackClock "0:00:10"]

1. e4 e5 2. Nf3 Nf6 3. Nxe5 d6 4. Nf3 Nxe4 5. Nc3 Nxc3 6. dxc3 Be7 7. Be3 O-O 8. Qd2 Nd7 9. O-O-O Nf6 10. Bd3 c5 11. h3 Be6 12. Kb1 Qa5 13. c4 Qxd2 14. Bxd2 h6 15. Rhe1 d5 16. cxd5 Nxd5 17. Ne5 Rfd8 18. Be4 Rac8 19. c4 Nb6 20. b3 Rc7 21. Bf4 Rd4 22. Rxd4 cxd4 23. Nxf7 Bb4 24. Bxc7 Bxe1 25. Nd8 Bd7 26. f4 Nc8 27. Nxb7 Ne7 28. Nc5 Bc8 29. Be5 Nf5 30. Nd3 Bg3 31. c5 Ne3 32. Bxd4 1-0


[Site "https://www.chess.com"]

[Event "Titled Tuesday Blitz April 4 Early 2023"]
[White "Urazayev, Arystanbek"]
[Black "Gabdrakhmanov, Azat"]
[WhiteFideId "13709810"]
[BlackFideId "34189197"]
[WhiteElo "2449"]
[BlackElo "2306"]
[Result "0-1"]
[Round "04"]
[TimeControl "180+2"]
[Date "2023.04.04"]
[WhiteClock "0:00:07"]
[BlackClock "0:00:11"]

1. d4 Nf6 2. c4 g6 3. Nc3 Bg7 4. e4 O-O 5. Be2 d6 6. Be3 Na6 7. Nf3 e5 8. d5 Ng4 9. Bg5 f6 10. Bh4 Qe8 11. Nd2 Nh6 12. O-O g5 13. Bg3 f5 14. f3 f4 15. Bf2 Rf7 16. a3 Bf8 17. b4 Rg7 18. h3 Nf7 19. c5 h5 20. Nc4 g4 21. fxg4 hxg4 22. hxg4 Nh6 23. cxd6 cxd6 24. b5 Nb8 25. Bh4 Bxg4 26. Qd3 Qh5 27. Bd8 Nd7 28. Bc7 Rg6 29. b6 axb6 30. Nxb6 Nxb6 31. Bxb6 Rc8 32. Bf3 Bxf3 33. Rxf3 Ng4 34. Rg3 fxg3 35. Rf1 Qh2# 0-1


[Site "https://www.chess.com"]

[Event "Titled Tuesday Blitz April 4 Early 2023"]
[White "Mammadov, Zaur"]
[Black "Mendez Fortes, Eduardo Jesus"]
[WhiteFideId "13401033"]
[BlackFideId "3502376"]
[WhiteElo "2441"]
[BlackElo "2307"]
[Result "1-0"]
[Round "04"]
[TimeControl "180+2"]
[Date "2023.04.04"]
[WhiteClock "0:01:34"]
[BlackClock "0:00:12"]

1. e4 c5 2. c3 Nf6 3. e5 Nd5 4. Nf3 Nc6 5. d4 cxd4 6. cxd4 d6 7. Bc4 Nb6 8. Bb3 dxe5 9. d5 Nd4 10. Nxd4 exd4 11. Qxd4 e6 12. Nc3 exd5 13. O-O Be6 14. Re1 Be7 15. Qxg7 Bf6 16. Qh6 Bxc3 17. bxc3 Qd7 18. Qf6 Rg8 19. Bg5 Qd6 20. Rad1 Rg6 21. Qf5 Kf8 22. Qf4 Qxf4 23. Bxf4 Rc8 24. Be5 Nc4 25. Bd4 a6 26. h4 Bg4 27. Rd3 Bf5 28. Rf3 Be4 29. Rxe4 dxe4 30. Rf4 Nd6 31. a4 Kg8 32. Be5 Rf8 33. h5 Rh6 34. Rg4+ 1-0


[Site "https://www.chess.com"]

[Event "Titled Tuesday Blitz April 4 Early 2023"]
[White "Ehlvest, Jaan"]
[Black "Pranav Anand"]
[WhiteFideId "4500016"]
[BlackFideId "46626786"]
[WhiteElo "2442"]
[BlackElo "2389"]
[Result "1-0"]
[Round "04"]
[TimeControl "180+2"]
[Date "2023.04.04"]
[WhiteClock "0:00:23"]
[BlackClock "0:00:35"]

1. e4 c5 2. Nf3 Nc6 3. d4 cxd4 4. Nxd4 Nf6 5. Nc3 d6 6. Bc4 e6 7. Be3 a6 8. Bb3 Qc7 9. Nxc6 Qxc6 10. f3 Be7 11. Qd2 b5 12. h4 Bb7 13. O-O-O Nd7 14. Bg5 Nf6 15. g4 O-O-O 16. Kb1 Kb8 17. a4 h6 18. axb5 axb5 19. Be3 Nd7 20. Qd4 Nc5 21. Qxg7 Rhf8 22. Qd4 Rh8 23. Qb4 Nxb3 24. Qxb3 Ba6 25. Na2 Qc4 26. Qa3 Qa4 27. Qxa4 bxa4 28. Nc3 Rc8 29. Rd4 a3 30. Rb4+ Bb7 31. Nb5 axb2 32. Ba7+ Ka8 33. Kxb2 Bc6 34. Ra1 Bxb5 35. Rxb5 Bf6+ 36. Bd4# 1-0


[Site "https://www.chess.com"]

[Event "Titled Tuesday Blitz April 4 Early 2023"]
[White "Zemlyanskii, Ivan"]
[Black "Lymar, Vladislav"]
[WhiteFideId "24249971"]
[BlackFideId "14162180"]
[WhiteElo "2419"]
[BlackElo "2234"]
[Result "1-0"]
[Round "04"]
[TimeControl "180+2"]
[Date "2023.04.04"]
[WhiteClock "0:00:38"]
[BlackClock "0:01:29"]

1. d4 d5 2. Bf4 c5 3. e3 Nc6 4. c3 Nf6 5. Nf3 Qb6 6. Qc2 c4 7. Nbd2 Bg4 8. b3 cxb3 9. axb3 e6 10. Bd3 Rc8 11. Qb2 Be7 12. O-O O-O 13. Ne5 Bf5 14. Be2 Ne4 15. Nd7 Qd8 16. Nxf8 Qxf8 17. Nxe4 Bxe4 18. Rfc1 a6 19. b4 g5 20. Bg3 f5 21. f3 f4 22. fxe4 fxg3 23. hxg3 dxe4 24. Qb3 Qh6 25. Bg4 Nd8 26. d5 Bd6 27. dxe6 Bxg3 28. e7+ Nf7 29. Bxc8 Qh2+ 30. Kf1 Qh1+ 31. Ke2 Qxg2+ 32. Kd1 1-0


[Site "https://www.chess.com"]

[Event "Titled Tuesday Blitz April 4 Early 2023"]
[White "Jain Kashish Manoj"]
[Black "Albornoz Cabrera, Carlos Daniel"]
[WhiteFideId "35081098"]
[BlackFideId "3518736"]
[WhiteElo "2191"]
[BlackElo "2516"]
[Result "1/2-1/2"]
[Round "04"]
[TimeControl "180+2"]
[Date "2023.04.04"]
[WhiteClock "0:00:08"]
[BlackClock "0:01:19"]

1. Nf3 Nf6 2. e3 g6 3. b3 d5 4. Bb2 Bg7 5. c4 dxc4 6. Bxc4 O-O 7. O-O a6 8. Be2 c5 9. d4 Ne4 10. Nbd2 Bf5 11. Nxe4 Bxe4 12. Rc1 Nd7 13. Qd2 Rc8 14. Ng5 Nf6 15. Nxe4 Nxe4 16. Qc2 cxd4 17. Qxe4 d3 18. Bxd3 Bxb2 19. Rxc8 Qxc8 20. Qxe7 b5 21. h4 Rd8 22. Bb1 Qd7 23. Qxd7 Rxd7 24. g3 Rd2 25. Kg2 b4 26. Kf3 h5 27. Rg1 f5 28. e4 Bd4 29. Rf1 fxe4+ 30. Bxe4 Kg7 31. Bb1 a5 32. Kg2 Bb6 33. Kf3 Kf6 34. Kg2 g5 35. hxg5+ Kxg5 36. Kf3 Bd4 37. Kg2 Rb2 38. Kf3 Bxf2 39. Rxf2 Rxb1 40. Rc2 Rf1+ 41. Kg2 Rf5 42. Kh3 Rd5 43. Kg2 Kf5 44. Kf3 Rd3+ 45. Kf2 Rd5 46. Kf3 Ke5 47. Ke3 Kf5 48. Kf3 1/2-1/2


[Site "https://www.chess.com"]

[Event "Titled Tuesday Blitz April 4 Early 2023"]
[White "Janaszak, Dawid"]
[Black "Wagner, Dennis"]
[WhiteFideId "1119206"]
[BlackFideId "24650684"]
[WhiteElo "2220"]
[BlackElo "2470"]
[Result "1-0"]
[Round "04"]
[TimeControl "180+2"]
[Date "2023.04.04"]
[WhiteClock "0:00:35"]
[BlackClock "0:00:06"]

1. e4 c5 2. Nc3 e6 3. Nge2 Nc6 4. g3 d5 5. exd5 exd5 6. d4 Nf6 7. Bg2 Bg4 8. h3 Bxe2 9. Qxe2+ Be7 10. dxc5 d4 11. Ne4 Nxe4 12. Bxe4 Qa5+ 13. Bd2 Qxc5 14. O-O O-O 15. b4 Nxb4 16. Bxb4 Qxb4 17. Rab1 Qd6 18. Rxb7 Bf6 19. Qd3 g6 20. Rfb1 Rac8 21. Rxa7 Rc3 22. Qa6 Qe5 23. Bd3 h5 24. h4 Be7 25. Qb7 Bd6 26. Qe4 Qxe4 27. Bxe4 Ra3 28. Rbb7 Rxa7 29. Rxa7 Rc8 30. a4 Rc7 31. Ra6 Bb4 32. a5 Kg7 33. Ra8 Re7 34. Bd3 Re1+ 35. Kg2 Ra1 36. a6 Bc5 37. Rc8 Ra5 38. Rc7 Bb6 39. Rb7 Bc5 40. Bc4 Kf6 41. Rxf7+ Ke5 42. Rg7 Ra4 43. Bb5 Ra5 44. Bd3 Bb4 45. Rxg6 Bc5 46. Rg5+ Kd6 47. Rxh5 Ra1 48. Rh6+ Kc7 49. Rh7+ Kb6 50. Rb7+ Kc6 51. Be4+ Kd6 52. Bd3 Kc6 53. Rf7 Kb6 54. h5 Ka5 55. h6 Kb4 56. h7 Kc3 57. h8=Q Bb4 58. Rc7+ Kd2 59. Qxd4 Kd1 60. Qxa1+ Kd2 61. c3 Bxc3 62. Qxc3+ Kd1 63. Qc1# 1-0


[Site "https://www.chess.com"]

[Event "Titled Tuesday Blitz April 4 Early 2023"]
[White "Flores, Diego"]
[Black "Fiorito, Joaquin"]
[WhiteFideId "108049"]
[BlackFideId "180173"]
[WhiteElo "2613"]
[BlackElo "2157"]
[Result "1-0"]
[Round "04"]
[TimeControl "180+2"]
[Date "2023.04.04"]
[WhiteClock "0:02:12"]
[BlackClock "0:00:12"]

1. d4 Nf6 2. c4 e6 3. Nc3 Bb4 4. e3 O-O 5. a3 Bxc3+ 6. bxc3 d5 7. cxd5 exd5 8. Bd3 c5 9. Ne2 b6 10. O-O Re8 11. f3 Ba6 12. Ng3 Bxd3 13. Qxd3 Nc6 14. Bb2 h5 15. e4 h4 16. Nf5 h3 17. e5 Nh5 18. g3 cxd4 19. cxd4 Na5 20. Bc1 Nc4 21. g4 g6 22. Nh6+ Kg7 23. gxh5 Qh4 24. Ng4 1-0


[Site "https://www.chess.com"]

[Event "Titled Tuesday Blitz April 4 Early 2023"]
[White "Castellanos Villela, Alejandro"]
[Black "Weetik, Vjacheslav"]
[WhiteFideId "3446379"]
[BlackFideId "4153472"]
[WhiteElo "2103"]
[BlackElo "2469"]
[Result "1-0"]
[Round "04"]
[TimeControl "180+2"]
[Date "2023.04.04"]
[WhiteClock "0:01:25"]
[BlackClock "0:00:06"]

1. Nf3 Nf6 2. g3 d5 3. Bg2 Bf5 4. O-O e6 5. d3 c6 6. Nh4 Bg4 7. h3 Bh5 8. Qe1 Nfd7 9. f4 Be7 10. Nf3 Na6 11. e4 Bxf3 12. Bxf3 dxe4 13. dxe4 e5 14. Nc3 O-O 15. Kh2 Re8 16. Be3 Bc5 17. Bd2 Nb4 18. Rc1 a5 19. a3 Na6 20. Na4 Bd6 21. Bxa5 Qf6 22. f5 b5 23. Nb6 Nxb6 24. Bxb6 Bc5 25. Bxc5 Nxc5 26. Qe3 Nd7 27. c4 h6 28. Rfd1 Red8 29. cxb5 cxb5 30. Rc7 Nb6 31. Rxd8+ Rxd8 32. Qc5 Rd2+ 33. Bg2 Kh7 34. Rc6 1-0


[Site "https://www.chess.com"]

[Event "Titled Tuesday Blitz April 4 Early 2023"]
[White "Kilic, Eray"]
[Black "Ordekalog"]
[WhiteFideId "44517173"]
[WhiteElo "2328"]
[BlackElo "2563"]
[Result "1-0"]
[Round "04"]
[TimeControl "180+2"]
[Date "2023.04.04"]
[WhiteClock "0:01:31"]
[BlackClock "0:01:10"]

1. d4 d5 2. Nc3 Nf6 3. Bf4 c6 4. e3 Bf5 5. Bd3 e6 6. Bxf5 exf5 7. h3 Bb4 8. Ne2 O-O 9. O-O Ne4 10. f3 Nxc3 11. bxc3 Bd6 12. Qd3 g6 13. c4 dxc4 14. Qxc4 Bxf4 15. Nxf4 Nd7 16. e4 fxe4 17. fxe4 Nb6 18. Qd3 Qg5 19. c3 Rad8 20. Qf3 c5 21. Rad1 cxd4 22. cxd4 Nc4 23. Nd5 f5 24. Qb3 fxe4 25. Rxf8+ Kxf8 26. Rf1+ Kg7 27. Nf4 Nd2 28. Ne6+ Kh6 29. Nxg5 Nxb3 30. Nf7+ 1-0


[Site "https://www.chess.com"]

[Event "Titled Tuesday Blitz April 4 Early 2023"]
[White "Rohith Krishna S"]
[Black "Grunberg, Mihai-Lucian"]
[WhiteFideId "46617051"]
[BlackFideId "1204149"]
[WhiteElo "2270"]
[BlackElo "2363"]
[Result "0-1"]
[Round "04"]
[TimeControl "180+2"]
[Date "2023.04.04"]
[WhiteClock "0:00:20"]
[BlackClock "0:01:17"]

1. g3 d5 2. Bg2 Nf6 3. d3 g6 4. Nf3 Bg7 5. O-O O-O 6. Nc3 d4 7. Nb5 c5 8. c4 a6 9. Na3 Nc6 10. Nc2 e5 11. Rb1 Re8 12. b4 e4 13. Nd2 exd3 14. exd3 Bf5 15. Nb3 cxb4 16. a3 Ne5 17. Re1 Nxd3 18. Rxe8+ Qxe8 19. Nbxd4 Rd8 20. Nxf5 gxf5 21. Bg5 b3 22. Ne3 Nxf2 23. Qxb3 N2e4 24. Bh4 Nd2 25. Qb6 Nxb1 26. Bxf6 Bxf6 27. Bd5 Qe7 0-1


[Site "https://www.chess.com"]

[Event "Titled Tuesday Blitz April 4 Early 2023"]
[White "Hasangatin, Ramil"]
[Black "Orlov, Georgi"]
[WhiteFideId "4122160"]
[BlackFideId "2011271"]
[WhiteElo "2275"]
[BlackElo "2557"]
[Result "1-0"]
[Round "04"]
[TimeControl "180+2"]
[Date "2023.04.04"]
[WhiteClock "0:01:23"]
[BlackClock "0:00:13"]

1. e4 d6 2. d4 Nf6 3. Nc3 g6 4. Be3 Bg7 5. h3 c6 6. a4 O-O 7. Nf3 Nbd7 8. Nd2 e6 9. Be2 c5 10. O-O cxd4 11. Bxd4 a6 12. Nc4 d5 13. exd5 exd5 14. Ne3 Nb8 15. Nexd5 Nxd5 16. Bxg7 Kxg7 17. Nxd5 Nc6 18. Bf3 Ne5 19. Re1 f6 20. a5 Bf5 21. Nb6 Rb8 22. Bd5 Qc7 23. c4 Rbd8 24. Qb3 Nd3 25. Re3 Nc5 26. Qc3 Rde8 27. Rae1 Rxe3 28. Qxe3 Nd3 29. Qe7+ Qxe7 30. Rxe7+ Kh6 31. Bxb7 Nxb2 32. Bxa6 Bd3 33. Bb5 Rd8 34. a6 1-0


[Site "https://www.chess.com"]